 Dungeon Crawl Stone Soup version 0.30-a0-918-g0ff054e9dc (webtiles) character file.

Game seed: 9105544293034254730

547 Demosthentine the Poker (level 7, 0/54 HPs)
             Began as a Demonspawn Gladiator on Mar 21, 2023.
             Slain by a gnoll
             ... wielding a +0 club
             ... led by a gnoll sergeant
              (6 damage)
             ... on level 5 of the Dungeon.
             The game lasted 00:03:59 (3915 turns).

Demosthentine the Poker (Demonspawn Gladiator)      Turns: 3915, Time: 00:04:00

Health: 0/54       AC:  5    Str: 22    XL:     7   Next: 7%
Magic:  7/7        EV: 13    Int:  9    God:
Gold:   445        SH:  0    Dex: 15    Spells: 6/6 levels left

rFire   . . .      SeeInvis .    k - +3 spear
rCold   . . .      Faith    .    (no shield)
rNeg    . . .      Spirit   .    b - +0 leather armour
rPois   .          Reflect  .    c - +1 helmet
rElec   .          Rampage  .    (no cloak)
rCorr   .                        (no gloves)
Will    .....                    (no boots)
Stlth   +                        (no amulet)
HPRegen 0.29/turn                g - +6 ring of strength
MPRegen 0.10/turn                (no ring)

@: lethally poisoned (0 -> -3), about to teleport
A: hooves 1, foul stench 3
a: no special abilities


You were on level 5 of the Dungeon.
You visited 1 branch of the dungeon, and saw 5 of its levels.

You collected 445 gold pieces.

Inventory:

Hand Weapons
 k - a +3 spear (weapon)
Missiles
 d - 2 throwing nets (quivered)
 e - a javelin
Armour
 b - a +0 leather armour (worn)
 c - a +1 helmet (worn)
Jewellery
 g - a +6 ring of strength (left hand)
 o - a ring of magical power
 p - an amulet of guardian spirit
 s - an amulet of faith
 v - a ring of fire
 w - a +6 ring of intelligence
Scrolls
 f - a scroll of teleportation
 l - a scroll of fear
Potions
 a - a potion of curing {unknown}
 i - a potion of invisibility
 j - a potion of mutation {unknown}
 m - a potion of flight {unknown}
 t - a potion of attraction {unknown}


   Skills:
 + Level 4.1 Fighting
 + Level 4.3 Polearms
 - Level 1.7 Throwing
 + Level 3.1 Armour
 + Level 4.3 Dodging


You had 6 spell levels left.
You didn't know any spells.
Your spell library contained the following spells:

 Spells                   Type           Power      Damage    Failure   Level
 Ensorcelled Hibernation  Hex/Ice        0%         N/A       56%         2
 Lesser Beckoning         Tloc           0%         N/A       56%         2
 Gell's Gravitas          Tloc           0%         N/A       80%         3
 Spider Form              Tmut/Pois      0%         N/A       80%         3
 Teleport Other           Tloc           0%         N/A       80%         3
 Anguish                  Hex/Necr       0%         N/A       99%         4


Dungeon Overview and Level Annotations

Branches:
Dungeon (5/15)
 Temple: D:4-7

Altars:
Fedhas
Gozag

Annotations:
D:4 3 runed translucent doors, cforsyth's ghost, novice HuFi


Innate Abilities, Weirdness & Mutations

You have large cloven feet.
You frequently emit foul miasma when damaged in melee.


Message History

The orc wizard flickers and vanishes!
Deactivating autopickup; reactivate with Ctrl-A.
The jelly is engulfed in dark miasma.
The jelly hits you but does no damage.
The jelly is engulfed in dark miasma.
The jelly is poisoned.
The jelly seems to slow down.
Items here: )) ? [.
The gnoll attacks as you move away! The gnoll hits you with a +0 whip.
The jelly is no longer moving slowly.
The gnoll attacks as you move away! The gnoll hits you with a +0 whip.
You see here a metallic green potion.
You hit the gnoll.
The gnoll is heavily wounded.
The gnoll barely misses you.
You puncture the gnoll!
You kill the gnoll!
You have reached level 7!
You hit the jelly.
Your hands burn!
The jelly is severely wounded.
The jelly closely misses you.
You hit the jelly.
Your hands burn!
The jelly is severely wounded.
The gnoll sergeant hits you from afar with a +0 trident of venom.
You are poisoned.
The jelly hits you but does no damage.
You hit the jelly.
Your hands burn!
You kick the jelly.
The jelly is almost dead.
You feel very sick.
The gnoll sergeant completely misses you.
The jelly misses you.
You barely miss the jelly. You kick the jelly.
You kill the jelly!
You feel sick.
The gnoll sergeant hits you from afar with a +0 trident of venom!
* * * LOW HITPOINT WARNING * * *
Okay, then.
As you read the scroll of teleportation, it crumbles to dust.
You feel strangely unstable.
You feel sick.
An orc comes into view. It is wielding a +0 whip.
The gnoll hits you with a +0 club.
You die...

.....#$._..#..# #.....(.###
.....#..$$$#.o#####..........
.....#...$.#..#........#..###
....###+###..#.###........##
####.go.......# ..#.........#
.......gJ.....###.######....#
.......)))..................#
.....####g###g###.####.##...#
####.....)g)@..........##...#
#.####.#######....#......#
#.# #....#.....##
#.#######....#.##.##
#.......'....#.....#
#.#######....##....#
##+####'### #....#..##.#
#.........# #......## .#
#.........# #.....## .#


You could see a gnoll sergeant, 2 gnolls and an orc (wandering).

Vanquished Creatures
  A water moccasin (D:4)
  An orc warrior (D:5)
  A jelly (D:5)
  2 hounds (D:4)
  An orc priest (D:5)
  6 adders
  6 gnolls
  A white imp (D:4)
  3 worms (D:2)
  A dart slug (D:1)
  8 orcs
  5 ball pythons
  A bat (D:1)
  6 endoplasms
  7 giant cockroaches
  11 goblins
  9 hobgoblins
  9 quokkas
  6 frilled lizards
  7 kobolds
  6 rats
98 creatures vanquished.

Notes
Turn   | Place    | Note
-------+----------+-------------------------------------------
     0 | D:1      | Demosthentine the Demonspawn Gladiator began the quest for
                  | the Orb.
     0 | D:1      | Reached XP level 1. HP: 16/16 MP: 1/1
    90 | D:1      | Gained mutation: You may rarely emit foul miasma when
                  | damaged in melee. [demonic ancestry]
    90 | D:1      | Reached XP level 2. HP: 14/22 MP: 2/2
   383 | D:1      | Reached skill level 1 in Armour
   400 | D:1      | Reached XP level 3. HP: 26/28 MP: 3/3
   975 | D:2      | Gained mutation: You sometimes emit foul miasma when
                  | damaged in melee. [demonic ancestry]
   975 | D:2      | Reached XP level 4. HP: 28/34 MP: 4/4
  1591 | D:2      | Gained mutation: You frequently emit foul miasma when
                  | damaged in melee. [demonic ancestry]
  1591 | D:2      | Reached XP level 5. HP: 13/41 MP: 5/5
  2871 | D:4      | Found a runed translucent gate.
  2872 | D:4      | Found a runed translucent gate.
  2873 | D:4      | Found a runed translucent gate.
  2875 | D:4      | Found an opulent altar of Gozag.
  2875 | D:4      | Noticed a water moccasin
  2875 | D:4      | Noticed cforsyth's ghost (novice HuFi)
  2880 | D:4      | Killed a water moccasin
  2881 | D:4      | Gained mutation: You have large cloven feet. [demonic
                  | ancestry]
  2881 | D:4      | Reached XP level 6. HP: 22/47 MP: 6/6
  3735 | D:5      | Entered Level 5 of the Dungeon
  3735 | D:5      | Noticed an orc warrior
  3769 | D:5      | Killed an orc warrior
  3888 | D:5      | Found a blossoming altar of Fedhas.
  3911 | D:5      | Reached XP level 7. HP: 33/54 MP: 7/7
  3915 | D:5      | Slain by a gnoll

Illustrated notes

Levels and vault maps discovered:
D:1:      mrwooster_arrival_statue_3, layout_rooms,
          minmay_misc_feat_four_crosses, minmay_tetromino_s4
D:2:      layout_basic, minmay_divided_ellipse
D:3:      layout_loops_ring, hangedman_abyss_or_decor_lesser_grid,
          hangedman_decor_growths
D:4:      layout_rooms, mainiacjoe_overflow_boulevard, ebering_ghost_gozag,
          minmay_fractal_squares_diagonal_5
D:5:      layout_basic, amcnicky_altar_gilded,
          minmay_temple_entry_statues_fountains

Skill      XL: |  1  2  3  4  5  6 |
---------------+-------------------+-----
Polearms       | 3 4 |  4.3
Armour         | 1 2 3 |  3.1
Dodging        | 3 4 |  4.3
Fighting       | 3 4 |  4.1
Throwing       | |  1.7

Action                     |  1- 3 |  4- 6 |  7- 9 || total
---------------------------+-------+-------+-------++-------
  Melee: Trident           |   111 |    87 |       ||   198
         Spear             |       |   105 |     4 ||   109
         Kick              |       |    16 |     2 ||    18
  Throw: Throwing net      |       |     3 |       ||     3
    Use: Scroll            |     2 |    10 |     1 ||    13
         Potion            |       |     1 |       ||     1
   Stab: Sleeping          |       |     3 |       ||     3
         Held in net/web   |       |     1 |       ||     1
 Armour: Leather armour    |    34 |    30 |     1 ||    65
  Dodge: Dodged            |    73 |   120 |     3 ||   196

Table legend: (Time is in decaauts)
 A = Elapsed time spent in this place.
 B = Non-inter-level travel time spent in this place.
 C = Inter-level travel time spent in this place.
 D = Time resting spent in this place.
 E = Time spent auto-exploring this place.
 F = Levels seen in this place.
 G = Mean time per level.
                   A        B        C        D        E       F      G
               +--------+--------+--------+--------+--------+-----+--------+
         Total |   3930 |   3876 |     54 |    189 |   2985 |   5 |  786.0 |
       Dungeon |   3930 |   3876 |     54 |    189 |   2985 |   5 |  786.0 |
               +--------+--------+--------+--------+--------+-----+--------+

Top non-repeatable levels by time:
     D:2: 1431 daAuts
     D:4: 902 daAuts
     D:1: 748 daAuts
     D:3: 673 daAuts
     D:5: 175 daAuts
